 Dungeon Crawl Stone Soup version 0.27-a0-1193-g8631133539 (webtiles) character file.

Game seed: 3158917985037749334

461 karrick the Covert (level 6, -1/42 HPs)
             Began as a Vampire Enchanter on May 27, 2021.
             Slain by a ball python (3 damage)
             ... on level 3 of the Dungeon.
             The game lasted 00:18:46 (3392 turns).

karrick the Covert (Vampire Enchanter)              Turns: 3392, Time: 00:18:48

Health: -1/42      AC:  2    Str:  9    XL:     6   Next: 79%
Magic:  4/10       EV: 10    Int: 18    God:
Gold:   156        SH:  0    Dex: 20    Spells: 3/10 levels left

rFire    . . .     SeeInvis +   o - +2 dagger (freeze)
rCold    . . .     Faith    .   (no shield)
rNeg     . . .     Spirit   .   b - +0 robe
rPois    .         Reflect  .   (no helmet)
rElec    .         Harm     .   (no cloak)
rCorr    .         Rampage  .   (no gloves)
Will     .....                  (no boots)
Stlth    ++++......             (no amulet)
HPRegen  0.34/turn              d - ring of wizardry
MPRegen  0.12/turn              h - +6 ring of dexterity

@: confusing by touch, healing quickly, constricted
A: alive, fangs 3, see invisible, vampiric 2
a: Exsanguinate


You were on level 3 of the Dungeon.
You visited 1 branch of the dungeon, and saw 4 of its levels.

You collected 156 gold pieces.

Inventory:

Hand Weapons
 a - a +1 dagger
 o - a +2 dagger of freezing (weapon)
Armour
 b - a +0 robe (worn)
Jewellery
 d - a ring of wizardry (left hand)
 h - a +6 ring of dexterity (right hand)
Scrolls
 f - a scroll of brand weapon {unknown}
 g - 2 scrolls of enchant weapon {unknown}
 i - 3 scrolls of immolation {unknown}
 k - 2 scrolls of identify {unknown}
Potions
 c - a potion of mutation {unknown}
 e - a potion of degeneration {unknown}
 l - a potion of ambrosia {unknown}
 m - a potion of brilliance {unknown}
 n - a potion of haste {unknown}


   Skills:
 + Level 0.7 Fighting
 + Level 2.4 Short Blades
 + Level 2.9 Dodging
 * Level 9.1 Stealth
 + Level 2.7 Spellcasting
 * Level 6.3 Hexes


You had 3 spell levels left.
You knew the following spells:

 Your Spells              Type           Power      Damage    Failure   Level
a - Corona                Hex            27%        N/A       1%          1
b - Confusing Touch       Hex            25%        N/A       1%          3
c - Tukima's Dance        Hex            25%        N/A       1%          3

Your spell library contained the following spells:

 Spells                   Type           Power      Damage    Failure   Level
 Ensorcelled Hibernation  Hex/Ice        26%        N/A       2%          2
 Dazzling Flash           Conj/Hex       26%        N/A       6%          3
 Animate Skeleton         Necr           4%         N/A       7%          1
 Apportation              Tloc           4%         N/A       7%          1
 Pain                     Necr           8%         1d4       7%          1
 Sandblast                Erth           4%         2d4       7%          1
 Summon Small Mammal      Summ           8%         N/A       7%          1
 Passwall                 Tmut/Erth      1%         N/A       11%         2
 Stone Arrow              Conj/Erth      4%         3d7       21%         3
 Vampiric Draining        Necr           1%         2d6       21%         3
 Animate Dead             Necr           1%         N/A       52%         4
 Petrify                  Tmut/Erth      2%         N/A       52%         4
 Agony                    Necr           2%         N/A       86%         5
 Lee's Rapid Deconstruct  Erth           1%         3d5*      86%         5


Dungeon Overview and Level Annotations

Branches:
Dungeon (4/15)
 Temple: D:4-7

Altars:
Ru
Yredelemnul

Annotations:
D:3 Blork the orc


Innate Abilities, Weirdness & Mutations

Your natural rate of healing is accelerated.
You have razor-sharp teeth.
You have supernaturally acute eyesight. (SInv)
You are afflicted with vampirism and can become a bat while bloodless.


Message History

Unknown command.
Unknown command.
You hit Blork the orc but do no damage. Your bite misses Blork the orc.
Blork the orc closely misses you. The ball python barely misses you.
The ball python constricts you.
You hit Blork the orc but do no damage.
Blork the orc hits you with a +0 scimitar!
The ball python bites you. The ball python constricts you.
You hit Blork the orc but do no damage.
Blork the orc hits you with a +0 scimitar!
* * * LOW HITPOINT WARNING * * *
The ball python barely misses you. The ball python constricts you.
Blork the orc gestures at you while chanting.
The magic dart hits you.
* * * LOW HITPOINT WARNING * * *
It was a potion of heal wounds.
You feel much better.
Blork the orc points at you and mumbles some strange words.
The magic dart hits you! The ball python bites you.
The ball python constricts you.
You hit Blork the orc but do no damage.
You bite Blork the orc, but do no damage.
Blork the orc hits you with a +0 scimitar!
* * * LOW HITPOINT WARNING * * *
The ball python bites you.
* * * LOW HITPOINT WARNING * * *
x2 The ball python constricts you.
Unknown command.
Okay, then.
You hit Blork the orc but do no damage.
Blork the orc appears confused.
Blork the orc closely misses you. The ball python barely misses you.
* * * LOW HITPOINT WARNING * * *
The ball python constricts you.
Unknown command.
Casting: Confusing Touch (safe; 1% risk of failure)
Confirm with . or Enter, or press ? or * to list all spells.
Your hands begin to glow red.
The ball python closely misses you. The ball python constricts you.
Blork the orc says, "Why is everything spinning?"
The ball python bites you.
You die...

### #.# ######## #.#
#......## #.#
#.####### #.# #.#
##@##
##.########.##8.S.8#
............##....o#
##.##.#.#####_....._#
......†....)##.....##
##.##.#.######8...8#
#....#.# #.....#
#.##.#.# 8.....8
#.##.#.#


You could see Blork the orc (fast, confused) and a ball python.

Vanquished Creatures
  Grinder (D:4)
  A hound (D:3)
  Natasha (thrice) (D:2)
  A hound skeleton (D:4)
  4 gnolls
  2 adders (D:3)
  A white imp (D:3)
  2 dart slugs
  6 bats
  5 endoplasms
  7 giant cockroaches
  8 goblins
  8 hobgoblins
  3 jackals (D:1)
  10 kobolds
  4 quokkas
  14 ball pythons
  5 frilled lizards
  5 rats
90 creatures vanquished.

Vanquished Creatures (others)
  4 toadstools (D:1)
4 creatures vanquished.

Grand Total: 94 creatures vanquished

Notes
Turn   | Place    | Note
-------+----------+-------------------------------------------
     0 | D:1      | karrick the Vampire Enchanter began the quest for the Orb.
     0 | D:1      | Reached XP level 1. HP: 13/13 MP: 3/3
   100 | D:1      | Found a faded altar of an unknown god.
   110 | D:1      | Reached skill level 5 in Hexes
   136 | D:1      | Reached XP level 2. HP: 7/19 MP: 5/5
   634 | D:1      | Gained mutation: You are afflicted with vampirism and can
                  | become a bat while bloodless. [Vampire growth]
   634 | D:1      | Reached XP level 3. HP: 24/24 MP: 4/6
   645 | D:1      | Reached skill level 5 in Stealth
   719 | D:1      | Learned a level 3 spell: Confusing Touch
  1902 | D:2      | Reached XP level 4. HP: 31/31 MP: 4/7
  1916 | D:2      | Learned a level 3 spell: Tukima's Dance
  2192 | D:2      | Noticed Natasha
  2198 | D:2      | Killed Natasha
  2199 | D:2      | Reached skill level 6 in Stealth
  2257 | D:2      | Noticed Natasha
  2264 | D:2      | Killed Natasha
  2265 | D:2      | Reached XP level 5. HP: 36/36 MP: 4/8
  2299 | D:2      | Noticed Natasha
  2307 | D:2      | Killed Natasha
  2536 | D:3      | Reached skill level 7 in Stealth
  3262 | D:4      | Noticed Grinder
  3277 | D:4      | Killed Grinder
  3278 | D:4      | Reached skill level 9 in Stealth
  3278 | D:4      | Reached XP level 6. HP: 22/42 MP: 6/10
  3366 | D:4      | Noticed Blork the orc
  3384 | D:3      | Found a sacrificial altar of Ru.
  3384 | D:3      | Found a basalt altar of Yredelemnul.
  3388 | D:3      | HP: 2/42 [Blork the orc/magic dart (5)]
  3392 | D:3      | Slain by a ball python

Illustrated notes

Levels and vault maps discovered:
D:1:      ldierk_walled_garden_2, layout_loops_corners,
          hellmonk_ecumenical_altar_arch_garden, hex_large
D:2:      layout_basic, minivault_23, uniq_natasha
D:3:      layout_basic, nicolae_overflow_hidden_temple
D:4:      layout_cave_pools, minmay_temple_entry_grid, serial_shops, shop,
          uniq_blork_the_orc, uniq_grinder

Skill      XL: |  1  2  3  4  5 |
---------------+----------------+-----
Hexes          | 5 6 |  6.3
Stealth        | 5 6 9 |  9.1
Short Blades   | 2 |  2.4
Fighting       | |  0.7
Dodging        | |  2.9
Spellcasting   | |  2.7

Action                   |  1- 3 |  4- 6 || total
-------------------------+-------+-------++-------
Melee: Dagger            |   183 |   151 ||   334
       Bite              |    15 |    14 ||    29
 Cast: Corona            |     3 |     1 ||     4
       Confusing Touch   |     4 |    13 ||    17
  Use: Potion            |       |     1 ||     1
 Stab: Sleeping          |    13 |    13 ||    26
       Confused          |     2 |    12 ||    14
       Distracted        |       |     1 ||     1
Armor: Robe              |    38 |    17 ||    55
Dodge: Dodged            |   132 |    69 ||   201

Table legend: (Time is in decaauts)
 A = Elapsed time spent in this place.
 B = Non-inter-level travel time spent in this place.
 C = Inter-level travel time spent in this place.
 D = Time resting spent in this place.
 E = Time spent auto-exploring this place.
 F = Levels seen in this place.
 G = Mean time per level.
                   A        B        C        D        E       F      G
               +--------+--------+--------+--------+--------+-----+--------+
         Total |   3364 |   3289 |     75 |      0 |   2468 |   4 |  841.0 |
       Dungeon |   3364 |   3289 |     75 |      0 |   2468 |   4 |  841.0 |
               +--------+--------+--------+--------+--------+-----+--------+

Top non-repeatable levels by time:
     D:2: 1351 daAuts
     D:1: 1153 daAuts
     D:3: 718 daAuts
     D:4: 141 daAuts
